 Dungeon Crawl Stone Soup version 0.22.1-2-g9c5b331 (webtiles) character file.

1755 norst the Cleaver (level 9, -8/78 HPs)
             Began as a Hill Orc Berserker on Nov 23, 2018.
             Was an Elder of Trog.
             Killed by divine providence
             ... invoked by an orc priest
              (12 damage)
             ... on level 6 of the Dungeon.
             The game lasted 00:37:26 (4763 turns).

norst the Cleaver (Hill Orc Berserker)              Turns: 4763, Time: 00:37:26

Health: -8/78      AC: 15    Str: 23    XL:     9   Next: 6%
Magic:  9/9        EV:  6    Int:  7    God:    Trog [****..]
Gold:   248        SH:  5    Dex:  6    Spells: 8/8 levels left

rFire    x . .     SeeInvis .   a - +0 hand axe
rCold    + . .     Gourm    .   D - +2 buckler
rNeg     . . .     Faith    .   t - +0 plate armour
rPois    .         Spirit   .   (no helmet)
rElec    .         Reflect  .   (no cloak)
rCorr    .         Harm     .   C - +0 pair of gloves
MR       .....                  n - +0 pair of boots
Stlth    ..........             h - amulet of inaccuracy (curse)
HPRegen  0.23/turn              w - ring of ice
MPRegen  0.11/turn              z - -4 ring of dexterity (curse)

@: berserk cooldown, slowed, very slow
A: no striking features
a: Berserk, Trog's Hand, Brothers in Arms, Renounce Religion, Convert to Beogh


You were on level 6 of the Dungeon.
You worshipped Trog.
Trog was greatly pleased with you.
You were very hungry.

You visited 1 branch of the dungeon, and saw 6 of its levels.

You collected 248 gold pieces.

Inventory:

Hand Weapons
 a - a +0 hand axe (weapon)
 k - a +0 hand axe {asd}
 v - a +0 giant club
Armour
 b - a +0 animal skin
 c - a +0 ring mail
 g - a +0 scale mail
 n - a +0 pair of boots (worn)
 t - a +0 plate armour (worn)
 C - a +0 pair of gloves (worn)
 D - a +2 buckler (worn)
Jewellery
 h - a cursed amulet of inaccuracy (around neck)
 w - a ring of ice (left hand)
 z - a cursed -4 ring of dexterity (right hand)
Scrolls
 d - 2 scrolls of magic mapping {unknown}
 f - 2 scrolls of amnesia {unknown}
 j - 11 scrolls of identify {unknown}
 l - a scroll of random uselessness {unknown}
 o - 3 scrolls of enchant weapon {unknown}
 p - 5 scrolls of remove curse {unknown}
 r - a scroll of enchant armour {unknown}
 s - 2 scrolls of teleportation
 y - a scroll of immolation {unknown}
 A - a scroll of fog {unknown}
 B - a scroll of fear {unknown}
 F - a scroll of blinking {unknown}
Potions
 e - a potion of invisibility {unknown}
 m - a potion of curing
 q - 2 potions of heal wounds {unknown}
 u - a potion of berserk rage {unknown}
 x - a potion of lignification {unknown}
 E - a potion of ambrosia {unknown}
Comestibles
 i - 3 rations


   Skills:
 + Level 6.9 Fighting
 + Level 11.2 Axes
 + Level 6.0 Armour
 + Level 2.6 Dodging
 + Level 0.4 Stealth
 + Level 1.2 Shields


You had 8 spell levels left.
You didn't know any spells.
Your spell library was empty.

Dungeon Overview and Level Annotations

Branches:
Dungeon (6/15)             Temple (0/1) D:6

Altars:
Elyvilon
Gozag
Qazlal
Sif Muna
Vehumet
Yredelemnul
The Shining One

Shops:
D:4 [*

Annotations:
D:6 Eustachio


Message History

You closely miss the orc priest.
The orc priest is lightly wounded.
The bat hits you but does no damage.
The orc priest hits you with a short sword.
* * * LOW HITPOINT WARNING * * *
The orc priest threatens, "By the altar or by the axe, you will meet Beogh!"
You hit the orc priest.
The orc priest is lightly wounded.
You hit Eustachio but do no damage. The bat hits you but does no damage.
The orc priest calls down the wrath of Beogh upon you.
Beogh smites you!
* * * LOW HITPOINT WARNING * * *
Eustachio hits you with a rapier.
* * * LOW HITPOINT WARNING * * *
You fail to use your ability.
The bat hits you but does no damage.
The orc priest hits you but does no damage.
You block Eustachio's attack.
The orc priest mumbles some strange prayers to Beogh against you.
Beogh smites you!
You die...

...###.........#
...'...........#.#
##
...###.........#.#
.# ...#
#######'###.##.#
...# #<##.....##
#### #.##......#
#.##......##.
######'##@o.......
#.........@b....#
#......†........#
#.................
#..............#..
#..............# >
##..............#
#...............#
#.........#.###.<
#.........#.# ##


You could see Eustachio, an orc priest and a bat.

Vanquished Creatures
  Pikel (D:4)
  Menkaure (D:5)
  An ice beast (D:5)
  An orc warrior (D:6)
  An ogre (D:4)
  2 centaurs (D:5)
  Blork the orc (D:5)
  A bullfrog (D:6)
  2 howler monkeys (D:4)
  A bullfrog zombie (D:5)
  3 orc priests
  3 orc wizards (D:6)
  2 iguanas
  3 worker ants
  A howler monkey skeleton (D:6)
  2 worker ant zombies
  An adder (D:2)
  3 gnolls (D:6)
  A shadow imp (D:5)
  An adder skeleton (D:4)
  5 dart slugs
  5 leopard geckos
  18 orcs
  2 ball pythons
  4 giant cockroaches
  6 goblins
  5 hobgoblins
  9 jackals
  9 kobolds
  3 quokkas
  8 bats
  3 frilled lizards
  A jackal skeleton (D:5)
  7 rats
  2 bushes (D:6)
  2 plants (D:6)
121 creatures vanquished.

Vanquished Creatures (others)
  A bat (D:2)
1 creature vanquished.

Grand Total: 122 creatures vanquished

Notes
Turn   | Place    | Note
-------+----------+-------------------------------------------
     0 | D:1      | norst the Hill Orc Berserker began the quest for the Orb.
     0 | D:1      | Reached XP level 1. HP: 19/19 MP: 1/1
    66 | D:1      | HP: 1/20 [kobold/dagger (2)]
    67 | D:1      | Reached XP level 2. HP: 1/27 MP: 2/2
  1004 | D:2      | Reached XP level 3. HP: 34/34 MP: 3/3
  1171 | D:2      | Reached ** piety under Trog
  1503 | D:2      | Found a glowing golden altar of the Shining One.
  1594 | D:2      | Reached XP level 4. HP: 34/41 MP: 4/4
  2000 | D:3      | Reached skill level 5 in Axes
  2219 | D:3      | Reached XP level 5. HP: 47/47 MP: 5/5
  2353 | D:4      | Noticed an ogre
  2368 | D:4      | Killed an ogre
  2368 | D:4      | Reached skill level 6 in Axes
  2437 | D:4      | Reached *** piety under Trog
  2437 | D:4      | Reached XP level 6. HP: 40/55 MP: 6/6
  2597 | D:4      | Reached skill level 5 in Fighting
  2694 | D:4      | Found a basalt altar of Yredelemnul.
  2936 | D:4      | Reached skill level 7 in Axes
  2952 | D:4      | Noticed Pikel
  2958 | D:4      | Noticed a slave
  2958 | D:4      | Noticed a slave
  2962 | D:4      | Killed Pikel
  2962 | D:4      | Reached skill level 9 in Axes
  2962 | D:4      | Reached XP level 7. HP: 61/61 MP: 7/7
  2981 | D:4      | Found Vumnifuo's Armour Shop.
  3019 | D:4      | Found Xitiushe's Assorted Antiques.
  3148 | D:5      | Entered Level 5 of the Dungeon
  3171 | D:5      | Reached XP level 8. HP: 70/70 MP: 8/8
  3278 | D:5      | Noticed Blork the orc
  3278 | D:5      | Found a deep blue altar of Sif Muna.
  3305 | D:5      | Killed Blork the orc
  3305 | D:5      | Reached skill level 5 in Armour
  3397 | D:5      | Found a radiant altar of Vehumet.
  3401 | D:5      | Found a basalt altar of Yredelemnul.
  3451 | D:5      | Noticed Menkaure
  3461 | D:5      | Killed Menkaure
  3461 | D:5      | Reached skill level 10 in Axes
  3575 | D:5      | Found an opulent altar of Gozag.
  4134 | D:6      | Found a white marble altar of Elyvilon.
  4136 | D:6      | Found an opulent altar of Gozag.
  4138 | D:6      | Found a stormy altar of Qazlal.
  4458 | D:6      | Found a staircase to the Ecumenical Temple.
  4479 | D:6      | Reached skill level 11 in Axes
  4527 | D:6      | Reached XP level 9. HP: 21/78 MP: 9/9
  4576 | D:6      | Reached skill level 1 in Shields
  4728 | D:6      | Noticed Eustachio
  4758 | D:6      | Reached **** piety under Trog
  4762 | D:6      | HP: 3/78 [Eustachio/rapier (1)]
  4763 | D:6      | Killed from afar by an orc priest

Skill      XL: |  1  2  3  4  5  6  7  8  9 |
---------------+----------------------------+-----
Fighting       | 4 5 6 |  6.9
Axes           | 5 6 9 11 | 11.2
Armour         | 3 4 6 |  6.0
Dodging        | 2 |  2.6
Shields        | 1 |  1.2
Stealth        | |  0.4

Action                   |  1- 3 |  4- 6 |  7- 9 || total
-------------------------+-------+-------+-------++-------
Melee: Hand axe          |   135 |   128 |   469 ||   732
Invok: Berserk           |     6 |     5 |     5 ||    16
       Trog's Hand       |       |       |     1 ||     1
  Use: Scroll            |     1 |       |       ||     1
       Potion            |       |       |     3 ||     3
  Eat: Ration            |     2 |     2 |     2 ||     6
       Chunk             |     1 |     2 |     4 ||     7
Armor: Animal skin       |     3 |       |       ||     3
       Scale mail        |   108 |    16 |       ||   124
       Plate armour      |       |    61 |   224 ||   285
Dodge: Dodged            |   139 |    68 |   106 ||   313
Block: Buckler           |       |       |    36 ||    36
